 Dungeon Crawl Stone Soup version 0.22.0-75-g3901e79 (webtiles) character file.

175 whitewolfNL the Firebug (level 5, -4/30 HPs)
             Began as a Gargoyle Fire Elementalist on Sept 12, 2018.
             Was a Follower of Makhleb.
             Killed by divine providence
             ... invoked by an orc priest
              (12 damage)
             ... on level 3 of the Dungeon.
             The game lasted 00:44:49 (4904 turns).

whitewolfNL the Firebug (GrFE)                      Turns: 4904, Time: 00:44:49

Health: -4/30      AC: 10    Str: 12    XL:     5   Next: 55%
Magic:  3/8        EV: 11    Int: 16    God:    Makhleb [*.....]
Gold:   91         SH:  0    Dex: 10    Spells: 3/9 levels left

rFire    . . .     SeeInvis .   h - +0 short sword (speed)
rCold    . . .     Gourm    .   (no shield)
rNeg     + . .     Faith    .   n - +0 ring mail
rPois    ∞         Spirit   .   (no helmet)
rElec    +         Reflect  .   (no cloak)
rCorr    .         Harm     .   f - +0 pair of gloves
MR       .....                  (no boots)
Stlth    +.........             (no amulet)
HPRegen  0.10/turn              d - ring of stealth
MPRegen  0.11/turn              u - ring of attention (curse)

@: very slightly contaminated
A: negative energy resistance 1, electricity resistance, unbreathing,
petrification resistance, rot immunity, AC +4
a: Renounce Religion


You were on level 3 of the Dungeon.
You worshipped Makhleb.
Makhleb was aware of your devotion.
You were not hungry.

You visited 1 branch of the dungeon, and saw 4 of its levels.

You collected 91 gold pieces.

Inventory:

Hand Weapons
 h - a +0 short sword of speed (weapon)
 i - a +0 short sword of draining
 r - a +0 spear
 y - a +0 dire flail
Missiles
 a - 101 stones
 b - 8 tomahawks (quivered)
 l - 19 poisoned needles
 m - 13 arrows
Armour
 e - a +0 plate armour
 f - a +0 pair of gloves (worn)
 n - a +0 ring mail (worn)
 o - a +0 scale mail
 H - a +0 centaur barding
Jewellery
 d - a ring of stealth (left hand)
 u - a cursed ring of attention (right hand)
Wands
 s - a wand of scattershot (1)
Scrolls
 j - a scroll of random uselessness
 k - a scroll of magic mapping {unknown}
 q - a scroll of identify {unknown}
 w - a scroll of remove curse
 F - a scroll of teleportation
Potions
 g - a potion of degeneration {unknown}
 p - a potion of cancellation {unknown}
 v - a potion of flight {unknown}
 z - a potion of curing {unknown}
 A - a potion of resistance {unknown}
Comestibles
 c - 5 rations


   Skills:
 * Level 1.9 Fighting
 * Level 1.1 Armour
 * Level 2.2 Dodging
 * Level 2.7 Stealth
 + Level 2.6 Spellcasting
 * Level 2.1 Conjurations
 * Level 4.0 Fire Magic


You had 3 spell levels left.
You knew the following spells:

 Your Spells              Type           Power        Failure   Level  Hunger
a - Flame Tongue          Conj/Fire      ##...        12%         1    #......
b - Throw Flame           Conj/Fire      ##....       19%         2    ##.....
c - Conjure Flame         Conj/Fire      ##......     36%         3    ###....

Your spell library contained the following spells:

 Spells                   Type           Power        Failure   Level  Hunger
 Inner Flame              Hex/Fire       #.......     50%         3    ###....
 Sticky Flame             Conj/Fire      ##......     77%         4    #####..
 Fireball                 Conj/Fire      ##........   98%         5    ######.


Dungeon Overview and Level Annotations

Branches:
Dungeon (4/15)
 Temple: D:4-7

Altars:
Makhleb
Qazlal
Trog
Zin


Innate Abilities, Weirdness & Mutations

You are resistant to torment.
Your stone body is resilient. (AC +4)
You are immune to poison.
You resist negative energy. (rN+)
You are resistant to electric shocks. (rElec)
You can survive without breathing.
You are immune to petrification.
You are immune to rotting.


Message History

Aim: an orc wizard, wielding a dagger and wearing a robe (heavily wounded)
You miscast Throw Flame.
Your skin glows momentarily.
The orc wizard hits you but does no damage.
The orc priest hits you but does no damage.
The orc wizard completely misses you. The orc priest closely misses you.
You climb upwards.
There is a stone staircase leading down here.
The orc wizard casts a spell at you. The magic dart hits you!
The orc priest calls down the wrath of Beogh upon you.
Beogh smites you!
The orc priest calls upon Beogh to heal something.
The orc priest calls upon Beogh to heal the orc wizard.
The orc wizard's wounds heal themselves!
The orc priest invokes the aid of Beogh against you.
Beogh smites you!
* * * LOW HITPOINT WARNING * * *
The orc priest invokes the aid of Beogh against you.
Beogh smites you!
You die...

####..#......#####.#
######.#
#.......#.......##.# #..
#.##.......#.......# ###
........##.#..#.##.#####
.....##.##.#.......#...#
#.#..##.......#........#
..#..###......####.#...#
.##..# #......####.##.##
.....# #........@..##.#
.....# #....o########.#
.##### #.....### #.# .#
##......# #.# .###
####.####.# ##.# ..o#
#....####o# #..# ##>#
#.#.....#.# #.## #.#
#.........# #.#
#.####.#..###.#####.#


You could see an orc priest.

Vanquished Creatures
  2 worker ants (D:3)
  3 adders
  An ooze (D:3)
  3 worms
  2 dart slugs (D:1)
  3 leopard geckos
  8 orcs
  13 bats
  3 giant cockroaches
  4 goblins
  11 hobgoblins
  2 quokkas (D:3)
  5 frilled lizards
  10 kobolds
  5 rats
  A plant (D:1)
76 creatures vanquished.

Notes
Turn   | Place    | Note
-------+----------+-------------------------------------------
     0 | D:1      | whitewolfNL the Gargoyle Fire Elementalist began the quest
                  | for the Orb.
     0 | D:1      | Reached XP level 1. HP: 10/10 MP: 3/3
   555 | D:1      | Reached XP level 2. HP: 15/15 MP: 3/5
  1069 | D:1      | Reached XP level 3. HP: 20/20 MP: 0/6
  1334 | D:1      | Reached skill level 1 in Fighting
  1776 | D:2      | Found a stormy altar of Qazlal.
  1776 | D:2      | Found a burning altar of Makhleb.
  1784 | D:2      | Became a worshipper of Makhleb the Destroyer
  1949 | D:2      | Found a faded altar of an unknown god.
  2030 | D:2      | Reached XP level 4. HP: 25/25 MP: 4/7
  2744 | D:3      | Found a bloodstained altar of Trog.
  3549 | D:3      | Reached * piety under Makhleb
  3549 | D:3      | Reached skill level 1 in Armour
  3549 | D:3      | Reached XP level 5. HP: 12/30 MP: 1/8
  3582 | D:3      | Reached skill level 4 in Fire Magic
  3698 | D:3      | Found a glowing silver altar of Zin.
  4140 | D:4      | Learned a level 2 spell: Throw Flame
  4144 | D:4      | Learned a level 3 spell: Conjure Flame
  4904 | D:3      | Killed from afar by an orc priest

Skill      XL: |  1  2  3  4  5 |
---------------+----------------+-----
Dodging        | 2 |  2.2
Fighting       | 1 |  1.9
Armour         | 1 |  1.1
Fire Magic     | 4 |  4.0
Conjurations   | 2 |  2.1
Stealth        | |  2.7
Spellcasting   | |  2.6

Action                   |  1- 3 |  4- 6 || total
-------------------------+-------+-------++-------
Melee: Unarmed           |   298 |       ||   298
       Short sword       |    14 |    22 ||    36
       Rapier            |    16 |     6 ||    22
       Dire flail        |       |     1 ||     1
 Cast: Flame Tongue      |    45 |    70 ||   115
       Throw Flame       |       |     9 ||     9
  Use: Scroll            |     2 |     2 ||     4
  Eat: Chunk             |     4 |     6 ||    10
       Ration            |       |     2 ||     2
Armor: Robe              |    14 |       ||    14
       Scale mail        |    19 |     1 ||    20
       Ring mail         |       |    24 ||    24
       Animal skin       |       |     8 ||     8
       Leather armour    |       |     3 ||     3
Dodge: Dodged            |    31 |    58 ||    89
